Map: Romanticide LE

Players

DocSnyder

  • Race: Protoss Protoss
  • League: Diamond

ElCascador - Winner!

  • Race: Zerg Zerg
  • League: Diamond

VOD

Have the link to the VOD?

Description

All-In ZvP

Time

  • Played on: Aug. 5, 2021, 3:33 a.m.
  • Length: 4:21
Show
View Real Time Build Order
Export as new Build Order

DocSnyder Protoss 

Build Orders:  

Get SALT Encoding   

  12  0:00  Probe  
  13  0:12  Probe  
  14  0:17  Pylon  
  14  0:24  Probe  
  15  0:36  Probe (Chrono Boost)  
  15  0:40  Gateway  
  16  0:46  Probe (Chrono Boost)  
  17  0:51  Probe (Chrono Boost)  
  18  1:00  Assimilator  
  18  1:06  Gateway  
  18  1:10  Probe  
  19  1:12  Pylon  
  19  1:22  Probe  
  20  1:26  Pylon  
  20  1:32  Cybernetics Core  
  20  1:34  Probe  
  21  1:40  Pylon  
  21  1:44  Zealot (Chrono Boost)  
  22  2:06  Adept (Chrono Boost)  
  26  2:16  Adept (Chrono Boost)  
  26  2:21  Pylon  
  26  2:22  Warp Gate  
  26  2:38  Adept  
  30  2:54  Stalker  
  30  3:04  Assimilator  
  30  3:09  Nexus  
  30  3:10  Pylon  
  30  3:19  Adept (Chrono Boost)  
  32  3:29  Probe  
  32  3:41  Probe  
  32  3:45  Stalker (Chrono Boost)  
Show
View Real Time Build Order
Export as new Build Order

ElCascador Zerg - Winner!

Build Orders: Pool First 

Get SALT Encoding   

  12  0:00  Drone  
  13  0:12  Overlord  
  13  0:16  Drone  
  14  0:31  Drone x2  
  16  0:41  Spawning Pool  
  15  0:45  Drone  
  15  0:48  Drone  
  17  0:51  Extractor  
  16  1:24  Drone  
  17  1:32  Zergling x4  
  19  1:36  Zergling x2  
  19  1:38  Queen  
  22  1:48  Roach Warren, Overlord  
  21  2:06  Metabolic Boost  
  21  2:15  Hatchery  
  20  2:30  Roach  
  20  2:31  Roach x2  
  26  2:55  Zergling x2  
  26  2:56  Zergling x6  
  30  3:25  Overlord  
  30  3:33  Zergling x8  
  30  3:34  Zergling x4  
  34  3:47  Zergling x4  
  33  3:51  Zergling x2  
  32  3:56  Ravager  
  32  4:01  Ravager  
  40  4:17  Ravager  
Tags
 
Add a new tag
Caveats
  • Supply blocks, unpowered buildings, or Contaminate may cause inaccurate times.
  • Supply counts are checked every 10 seconds.